 Dungeon Crawl Stone Soup version 0.31-a0-1611-g890cdf5628 (webtiles) character file.

Game seed: 130028606993584762

1145 jlumianski the Ruffian (level 8, 0/60 HPs)
             Began as a Gnoll Shapeshifter on Jan 8, 2024.
             Was a Follower of Wu Jian.
             Slain by a water moccasin (4 damage)
             ... on level 5 of the Dungeon.
             The game lasted 00:15:53 (4469 turns).

jlumianski the Ruffian (Gnoll Shapeshifter)         Turns: 4469, Time: 00:15:54

Health: 0/60       AC:  9    Str: 16    XL:     8   Next: 37%
Magic:  13/13      EV:  9    Int: 10    God:    Wu Jian [*.....]
Gold:   300        SH:  0    Dex: 11    Spells: 13/13 levels left

rFire   . .          .
                       - Unarmed
rCold   . . .        (no shield)
rNeg    . . .        o - +0 chain mail
rPois   .            (helmet currently unavailable)
rElec   .            (cloak currently unavailable)
rCorr   +            (gloves currently unavailable)
SInv    .            (boots currently unavailable)
Will    .....        (no amulet) Stlth
                     l - ring of resist corrosion
HPRegen 0.30/turn    (no ring)
MPRegen 0.13/turn

%: no passive effects
@: lethally poisoned (0 -> -4), about to teleport, beast-form
A: beast (slay +4), fangs 1, strong nose, distributed training
a: Begin Untransformation, Renounce Religion


You were on level 5 of the Dungeon.
You worshipped Wu Jian.
Wu Jian was aware of your devotion.
You were a hulking beast.
You visited 1 branch of the dungeon, and saw 6 of its levels.

You collected 300 gold pieces.

Inventory:

Hand Weapons
 v - a +1 short sword of venom
Missiles
 k - 8 poisoned darts (quivered)
 y - 5 boomerangs
Armour
 a - a +0 animal skin
 e - a +0 ring mail
 i - a +0 pair of gloves
 o - a +0 chain mail (worn)
 D - the +0 pair of boots of the Lich-sworn {*Corrode rElec rPois rC+++}
   (You found it on level 5 of the Dungeon)

   rC+++:     It renders you almost immune to cold.
   rElec:     It insulates you from electricity.
   rPois:     It protects you from poison *Corrode: It may corrode you when you
   take damage.
Magical Staves
 m - a staff of earth
Jewellery
 l - a ring of resist corrosion (left hand)
Talismans
 c - a beast talisman
 d - a flux talisman
Wands
 z - a wand of roots (12)
 A - a wand of paralysis (10)
 B - a wand of flame (52)
Scrolls
 j - a scroll of amnesia
 r - a scroll of fog
 s - a scroll of brand weapon
 t - a scroll of silence {unknown}
 u - a scroll of enchant weapon {unknown}
Potions
 b - a potion of lignification
 g - a potion of mutation
 h - a potion of degeneration {unknown}
 n - 2 potions of haste
 p - 2 potions of curing {unknown}
 q - 2 potions of might {unknown}
 w - a potion of invisibility {unknown}
 x - a potion of magic {unknown}
 C - a potion of brilliance {unknown}
 E - 2 potions of ambrosia {unknown}
 F - a potion of attraction {unknown}


   Skills:
 + Level 4.3 Fighting
 + Level 3.3 Short Blades
 + Level 3.3 Long Blades
 + Level 3.3 Axes
 + Level 3.3 Maces & Flails
 + Level 3.3 Polearms
 + Level 3.3 Staves
 + Level 3.3 Ranged Weapons
 + Level 3.3 Throwing
 + Level 3.3 Armour
 + Level 5.7 Dodging
 + Level 3.3 Stealth
 + Level 3.3 Shields
 + Level 7.4 Unarmed Combat
 + Level 3.3 Spellcasting
 + Level 2.7 Conjurations
 + Level 2.7 Hexes
 + Level 2.7 Summonings
 + Level 2.7 Necromancy
 + Level 2.7 Translocations
 + Level 2.7 Fire Magic
 + Level 2.7 Ice Magic
 + Level 2.7 Air Magic
 + Level 2.7 Earth Magic
 + Level 2.7 Alchemy
 + Level 3.7 Invocations
 + Level 3.3 Evocations
 + Level 7.2 Shapeshifting


You had 13 spell levels left.
You didn't know any spells.
Your spell library contained the following spells:

 Spells                   Type           Power      Damage    Failure   Level
 Apportation              Tloc           14%        N/A       71%         1
 Sandblast                Erth           14%        2d6       71%         1
 Slow                     Hex            28%        N/A       71%         1
 Jinxbite                 Hex            14%        N/A       83%         2
 Scorch                   Fire           14%        2d5       83%         2
 Confusing Touch          Hex            7%         N/A       97%         3
 Passwall                 Erth           7%         N/A       97%         3
 Sigil of Binding         Hex            7%         N/A       97%         3
 Stone Arrow              Conj/Erth      14%        3d7       97%         3
 Vampiric Draining        Necr           7%         2d6       97%         3
 Brom's Barrelling Bould  Conj/Erth      7%         2d3       100%        4
 Flame Wave               Conj/Fire      7%         2d5       100%        4
 Alistair's Intoxication  Alch           4%         N/A       100%        5
 Summon Cactus Giant      Summ           3%         N/A       100%        6


Dungeon Overview and Level Annotations

Branches:
Dungeon (6/15)
 Temple: D:4-7

Altars:
Dithmenos
Fedhas
Nemelex Xobeh
Okawaru
Ru
Trog
Vehumet
Wu Jian


Innate Abilities, Weirdness & Mutations

You are a hulking beast.
Your limbs bulge with bestial killing power. (Slay +4)
You have very sharp teeth.
Your uncanny sense of smell can sniff out nearby items.
Your experience applies equally to all skills.


Message History

You hit the orc wizard.
The orc wizard is almost dead.
You punch the orc wizard!
You kill the orc wizard!
The Council accepts your kill.
Items here: )) [ †.
Okay, then.
Unknown command.
You start resting.
Magic restored.
You start resting.
An ogre comes into view. It is wielding a +0 giant club.
The ogre shouts!
Items here: )) [ †.
A water moccasin comes into view.
The water moccasin hisses angrily.
A jelly comes into view.
The water moccasin bites you.
* * * LOW HITPOINT WARNING * * *
You are lethally poisoned!
The water moccasin poisons you!
You spin and attack the water moccasin.
You hit the water moccasin.
The water moccasin is lightly wounded.
* * * LOW HITPOINT WARNING * * *
You feel sick. The water moccasin barely misses you.
You spin and attack the water moccasin repeatedly.
You closely miss the water moccasin. Your bite misses the water moccasin.
The water moccasin is lightly wounded.
You barely miss the water moccasin.
The water moccasin is lightly wounded.
* * * LOW HITPOINT WARNING * * *
You feel sick. The water moccasin barely misses you.
Okay, then.
Unknown command.
As you read the scroll of teleportation, it crumbles to dust.
You feel strangely unstable.
* * * LOW HITPOINT WARNING * * *
You feel sick. The water moccasin closely misses you.
The water moccasin bites you.
You die...

################## ####
)$#...#...#..... .... ∆[..o.'
.'....##..# ∆∆#... #.##.....#.#
#####'######...S.##...#..#.#...#.
#.....J..J....O.h........#.....#.
###....#################....#....
####..### #.....#... ##...## ###
#.....#.. ###..# ###.# #.......
##.# ###...# #####...... #.##
#.....###g......... #..#
##...........##....
##.####......#######.g..


You could see a water moccasin, an ogre and a jelly (wandering).

Vanquished Creatures
  Sigmund (D:5)
  An ogre (D:5)
  A phantom (D:5)
  A scorpion (D:4)
  5 wights
  A bombardier beetle (D:4)
  A jelly (D:4)
  An orc priest (D:5)
  2 iguanas (D:3)
  5 orc wizards
  7 adders
  4 gnolls (D:5)
  A white imp (D:3)
  2 ribbon worms
  4 dart slugs
  10 orcs
  9 endoplasms
  15 giant cockroaches
  5 hobgoblins
  9 kobolds
  6 quokkas
  11 ball pythons
  6 bats
  5 frilled lizards
  8 goblins
  5 rats
126 creatures vanquished.

Notes
Turn   | Place    | Note
-------+----------+-------------------------------------------
     0 | D:1      | jlumianski the Gnoll Shapeshifter began the quest for the
                  | Orb.
     0 | D:1      | Reached XP level 1. HP: 17/17 MP: 1/1
   149 | D:1      | Reached XP level 2. HP: 23/23 MP: 2/2
   245 | D:1      | Found a faded altar of an unknown god.
   804 | D:2      | Reached XP level 3. HP: 26/28 MP: 3/3
  1040 | D:3      | Reached skill level 1 in Invocations
  1079 | D:3      | Reached skill level 1 in Short Blades
  1079 | D:3      | Reached skill level 1 in Long Blades
  1079 | D:3      | Reached skill level 1 in Axes
  1079 | D:3      | Reached skill level 1 in Maces & Flails
  1079 | D:3      | Reached skill level 1 in Polearms
  1079 | D:3      | Reached skill level 1 in Staves
  1079 | D:3      | Reached skill level 1 in Ranged Weapons
  1079 | D:3      | Reached skill level 1 in Throwing
  1079 | D:3      | Reached skill level 1 in Armour
  1079 | D:3      | Reached skill level 1 in Stealth
  1079 | D:3      | Reached skill level 1 in Shields
  1079 | D:3      | Reached skill level 1 in Spellcasting
  1079 | D:3      | Reached skill level 1 in Evocations
  1205 | D:2      | Reached XP level 4. HP: 29/34 MP: 5/5
  1428 | D:2      | Reached skill level 1 in Conjurations
  1428 | D:2      | Reached skill level 1 in Hexes
  1428 | D:2      | Reached skill level 1 in Summonings
  1428 | D:2      | Reached skill level 1 in Necromancy
  1428 | D:2      | Reached skill level 1 in Translocations
  1428 | D:2      | Reached skill level 1 in Fire Magic
  1428 | D:2      | Reached skill level 1 in Ice Magic
  1428 | D:2      | Reached skill level 1 in Air Magic
  1428 | D:2      | Reached skill level 1 in Earth Magic
  1428 | D:2      | Reached skill level 1 in Alchemy
  2065 | D:3      | Reached XP level 5. HP: 40/40 MP: 7/7
  2112 | D:4      | Found an ornate altar of the Wu Jian Council.
  2112 | D:4      | Found a blossoming altar of Fedhas.
  2118 | D:4      | Became a worshipper of the Wu Jian Council
  2429 | D:3      | Found a bloodstained altar of Trog.
  2482 | D:4      | Reached XP level 6. HP: 32/47 MP: 8/8
  2758 | D:3      | Reached skill level 5 in Dodging
  2933 | D:4      | Reached * piety under Wu Jian
  2962 | D:5      | Entered Level 5 of the Dungeon
  3295 | D:4      | Found an iron altar of Okawaru.
  3295 | D:4      | Found a sacrificial altar of Ru.
  3320 | D:4      | Found a sparkling altar of Nemelex Xobeh.
  3323 | D:4      | Found a radiant altar of Vehumet.
  3724 | D:5      | Noticed Sigmund
  3736 | D:5      | Killed Sigmund
  3737 | D:5      | Reached XP level 7. HP: 42/53 MP: 10/10
  3784 | D:5      | Identified the +0 pair of boots of the Lich-sworn {*Corrode
                  | rElec rPois rC+++}
  4058 | D:4      | Reached XP level 8. HP: 49/58 MP: 12/12
  4190 | D:6      | Noticed a two-headed ogre
  4220 | D:5      | Found a shadowy altar of Dithmenos.
  4442 | D:5      | HP: 3/60 [ogre/+0 giant spiked club (31)]
  4469 | D:5      | Slain by a water moccasin

Illustrated notes

Levels and vault maps discovered:
D:1:      eino_arrival_tree_alley, layout_basic,
          shapermc_ecumenical_altar_notcrosses
D:2:      minmay_roachtagon, layout_loops_corners, minmay_vboxes
D:3:      layout_basic, lemuel_round_altar
D:4:      layout_loops_ring, nicolae_overflow_hallway_of_the_gods,
          kennysheep_decorative_pillar
D:5:      minmay_thinvault, layout_cave_pods, mainiacjoe_overflow_alcove_4,
          mainiacjoe_overflow_boulevard, grunt_dithmenos_shadows,
          nicolae_fountain_basement, uniq_sigmund
D:6:      layout_rooms, cheibriados_altar_1, minmay_temple_entry_wispy

Skill      XL: |  1  2  3  4  5  6  7 |
---------------+----------------------+-----
Invocations    | 1 2 3 |  3.7
Short Blades   | 1 2 3 |  3.3
Long Blades    | 1 2 3 |  3.3
Axes           | 1 2 3 |  3.3
Maces & Flails | 1 2 3 |  3.3
Polearms       | 1 2 3 |  3.3
Staves         | 1 2 3 |  3.3
Ranged Weapons | 1 2 3 |  3.3
Throwing       | 1 2 3 |  3.3
Armour         | 1 2 3 |  3.3
Stealth        | 1 2 3 |  3.3
Shields        | 1 2 3 |  3.3
Spellcasting   | 1 2 3 |  3.3
Evocations     | 1 2 3 |  3.3
Conjurations   | 1 2 |  2.7
Hexes          | 1 2 |  2.7
Summonings     | 1 2 |  2.7
Necromancy     | 1 2 |  2.7
Translocations | 1 2 |  2.7
Fire Magic     | 1 2 |  2.7
Ice Magic      | 1 2 |  2.7
Air Magic      | 1 2 |  2.7
Earth Magic    | 1 2 |  2.7
Alchemy        | 1 2 |  2.7
Fighting       | 3 4 |  4.3
Dodging        | 5 |  5.7
Unarmed Combat | 7 |  7.4
Shapeshifting  | 7 |  7.2

Action                     |  1- 3 |  4- 6 |  7- 9 || total
---------------------------+-------+-------+-------++-------
  Melee: Unarmed           |    75 |   168 |    67 ||   310
         Bite              |     7 |    14 |     9 ||    30
         Punch             |       |     9 |     6 ||    15
  Throw: Dart              |       |     6 |       ||     6
Ability: Lunge             |       |    10 |     7 ||    17
         Whirlwind         |       |     3 |     4 ||     7
    Use: Potion            |     1 |       |       ||     1
         Scroll            |       |     5 |     1 ||     6
 Armour: Ring mail         |    32 |       |       ||    32
         Chain mail        |    13 |   112 |    38 ||   163
  Dodge: Dodged            |    34 |    43 |    20 ||    97

Table legend: (Time is in decaauts)
 A = Elapsed time spent in this place.
 B = Non-inter-level travel time spent in this place.
 C = Inter-level travel time spent in this place.
 D = Time resting spent in this place.
 E = Time spent auto-exploring this place.
 F = Levels seen in this place.
 G = Mean time per level.
                   A        B        C        D        E       F      G
               +--------+--------+--------+--------+--------+-----+--------+
         Total |   4426 |   4364 |     62 |    331 |   2572 |   6 |  737.7 |
       Dungeon |   4426 |   4364 |     62 |    331 |   2572 |   6 |  737.7 |
               +--------+--------+--------+--------+--------+-----+--------+

Top non-repeatable levels by time:
     D:4: 1132 daAuts
     D:2: 1028 daAuts
     D:3: 959 daAuts
     D:1: 729 daAuts
     D:5: 575 daAuts
     D:6: 1 daAuts
